 Dungeon Sprint DCSS version bcrawl-1.19.1 (webtiles) character file.

Game seed: 8299579098778086599

121 Freyura the Covered (level 5, -1/53 HPs)
             Began as a Hill Orc Fighter on Nov 29, 2019.
             Killed by nerve-wracking pain
             ... invoked by an orc priest
              (4 damage)
             ... in the Dungeon (Sprint V: "Ziggurat Sprint").
             The game lasted 00:02:35 (136 turns).

Freyura the Covered (Hill Orc Fighter)               Turns: 136, Time: 00:02:35

Health: -1/53      AC: 21    Str: 19    XL:     5   Next: 5%
Magic:  5/5        EV:  4    Int:  8    God:
Gold:   0          SH:  0    Dex: 23    Spells: 4/4 levels left

rFire    + . .     SeeInvis .   B - +5 executioner's axe
rCold    + . .     Gourm    .   (shield currently unavailable)
rNeg     . . .     Faith    .   C - +5 gold dragon scales
rPois    +         Spirit   .   (no helmet)
rElec    .         Reflect  .   (no cloak)
rCorr    .         Harm     .   (no gloves)
MR       .....     NoTele   +   (no boots)
Stlth    ..........             (no amulet)
HPRegen  0.17/turn              s - +6 ring of dexterity
MPRegen  0.09/turn              t - +6 ring of dexterity

@: no status effects
A: no striking features
a: Convert to Beogh


You were in the Dungeon.
You were not hungry.

You visited 1 branch

Inventory:

Hand Weapons
 B - a +5 executioner's axe (weapon)
Armour
 C - +5 gold dragon scales (worn)
Jewellery
 s - a +6 ring of dexterity (left hand)
 t - a +6 ring of dexterity (right hand)
Wands
 y - a wand of disintegration (7)
 z - a wand of iceblast (7)
 A - a wand of acid (7)
Scrolls
 k - 4 scrolls of blinking
 n - 4 scrolls of amnesia
 o - 7 scrolls of fog
 p - 5 scrolls of identify
 q - 5 scrolls of remove curse
 r - 2 scrolls of fear
Potions
 a - 2 potions of brilliance
 b - 2 potions of invisibility
 c - 4 potions of resistance
 d - 6 potions of might
 e - 10 potions of curing
 g - 10 potions of heal wounds
 h - 6 potions of haste
 i - 7 potions of magic
 j - 3 potions of berserk rage
 m - 5 potions of agility
Miscellaneous
 l - a lightning rod (4/4)
Comestibles
 f - 7 rations {!d}


   Skills:
 * Level 7.7 Fighting
   Level 7.7 Short Blades
   Level 7.7 Long Blades
   Level 7.7 Axes
   Level 7.7 Maces & Flails
   Level 7.7 Polearms
   Level 7.7 Staves
 + Level 7.9 Armour
 + Level 3.0 Dodging
   Level 3.2 Shields
   Level 7.7 Unarmed Combat


You had 4 spell levels left.
You didn't know any spells.
Your spell library was empty.

Dungeon Overview and Level Annotations

Branches:
Dungeon (1/1)

Altars:
Ashenzari
Cheibriados
Dithmenos
Elyvilon
Fedhas
Gozag
Hepliaklqana
Kikubaaqudgha
Lugonu
Makhleb
Nemelex Xobeh
Okawaru
Qazlal
Ru
Sif Muna
Trog
Uskayaw
Vehumet
Wu Jian
Xom
Yredelemnul
Zin
The Shining One
Beogh
Jiyva

Annotations:
D 1 transporter


Message History

You completely miss the orc priest.
The orc wizard hits you with a +5 hand axe of flaming.
* * * LOW HITPOINT WARNING * * *
Your gold dragon scales prevents you from hitting the orc wizard.
You hit the orc priest.
The orc priest hits you but does no damage.
The orc wizard hits you but does no damage.
The orc priest hits you but does no damage.
The orc wizard points at you and mumbles some strange words.
The magic dart hits you!
You slash the orc wizard!
You kill the orc wizard!
Your Dodging skill increases to level 3!
You have reached level 5!
You feel stronger.
You closely miss the orc priest.
The orc priest hits you but does no damage.
The orc priest mumbles some strange prayers to Beogh against you.
Pain shoots through your body!
You die...

▓▓▓▓▓▓▓▓▓▓▓▓▓
▓.8©8.▓.8©8.▓
▓.")[.▓.....▓
▓..@o.▓.).).▓
▓.)...▓.††..▓
▓.....▓.....▓
▓.....▓..©..▓
▓..©..▓▓▓▓▓▓▓
▓▓▓▓▓▓▓


You could see an orc priest.

Vanquished Creatures
  A bullfrog (D)
  An orc wizard (D)
  A river rat (D)
  An orc (D)
4 creatures vanquished.

Vanquished Creatures (others)
  A spatial maelstrom (D)
1 creature vanquished.

Grand Total: 5 creatures vanquished

Notes
Turn   | Place    | Note
-------+----------+-------------------------------------------
     0 | D        | Freyura the Hill Orc Fighter began the quest for the Orb.
     0 | D        | Reached XP level 1. HP: 20/20 MP: 1/1
    13 | D        | Found a shimmering blue altar of Sif Muna.
    13 | D        | Found a bloodstained altar of Trog.
    13 | D        | Found a sacrificial altar of Ru.
    13 | D        | Found a stormy altar of Qazlal.
    13 | D        | Found an iron altar of Okawaru.
    14 | D        | Found a sparkling altar of Nemelex Xobeh.
    14 | D        | Found a blossoming altar of Fedhas.
    15 | D        | Found the +6 Majin-Bo {vamp, *Drain Str+12 Int+24}
    15 | D        | Found the +7 great mace "Firestarter" {inner flame, rF++}
    16 | D        | Found a transporter.
    16 | D        | Found an ancient bone altar of Kikubaaqudgha.
    16 | D        | Found a viscous altar of Jiyva.
    16 | D        | Found a corrupted altar of Lugonu.
    16 | D        | Found a hazy altar of Hepliaklqana.
    16 | D        | Found a burning altar of Makhleb.
    16 | D        | Found an opulent altar of Gozag.
    21 | D        | Banished a spatial maelstrom
    55 | D        | Reached XP level 2. HP: 30/30 MP: 2/2
    74 | D        | Entered arena 2.
    74 | D        | Noticed a bullfrog
    74 | D        | Found a transporter.
    78 | D        | Killed a bullfrog
    78 | D        | Reached XP level 3. HP: 30/39 MP: 3/3
    78 | D        | Reached XP level 4. HP: 37/47 MP: 4/4
   124 | D        | Entered arena 3.
   124 | D        | Found a transporter.
   133 | D        | HP: 2/47 [orc wizard/+5 hand axe of flaming (3)]
   135 | D        | Reached XP level 5. HP: 2/53 MP: 5/5
   136 | D        | Killed from afar by an orc priest

Skill      XL: |  1  2  3  4 |
---------------+-------------+-----
Fighting       | 6 7 |  7.7
Armour         | 6 7 |  7.9
Dodging        | 2 3 |  3.0
Short Blades   | |  7.7
Long Blades    | |  7.7
Axes           | |  7.7
Maces & Flails | |  7.7
Polearms       | |  7.7
Staves         | |  7.7
Shields        | |  3.2
Unarmed Combat | |  7.7

Action                   |  1- 3 |  4- 6 || total
-------------------------+-------+-------++-------
Melee: Executioner's axe |     3 |     8 ||    11
  Use: Potion            |     1 |       ||     1
Armor: Gold dragon scale |     4 |    17 ||    21
Dodge: Dodged            |       |     3 ||     3
